 Dungeon Crawl Stone Soup version 0.23.1 (webtiles) character file.

Game seed: 17136047357882539998

345 GGGomer the Shield-Bearer (level 6, -1/53 HPs)
             Began as a Hill Orc Fighter on Mar 19, 2019.
             Was an Initiate of the Shining One.
             Slain by an orc
             ... wielding a +2 falchion of protection
              (7 damage)
             ... on level 3 of the Dungeon.
             The game lasted 00:19:03 (4237 turns).

GGGomer the Shield-Bearer (Hill Orc Fighter)        Turns: 4237, Time: 00:19:04

Health: -1/53      AC:  6    Str: 21    XL:     6   Next: 58%
Magic:  6/6        EV: 14    Int:  8    God:    the Shining One [......]
Gold:   56         SH: 10    Dex: 15    Spells: 5/5 levels left

rFire    . . .     SeeInvis .   t - +1 falchion (holy)
rCold    . . .     Gourm    .   c - +0 shield
rNeg     . . .     Faith    .   l - +0 ring mail
rPois    .         Spirit   .   (no helmet)
rElec    .         Reflect  .   (no cloak)
rCorr    .         Harm     .   (no gloves)
MR       .....                  (no boots)
Stlth    +.........             (no amulet)
HPRegen  0.17/turn              (no ring)
MPRegen  0.10/turn              (no ring)

@: agile, berserk cooldown, slowed, glowing, very slow
A: no striking features
a: Renounce Religion, Convert to Beogh


You were on level 3 of the Dungeon.
You worshipped the Shining One.
The Shining One was noncommittal.
You were hungry.

You visited 1 branch of the dungeon, and saw 3 of its levels.
You also visited: Sewer.

You collected 56 gold pieces.

Inventory:

Hand Weapons
 a - a +0 war axe
 q - a +1 mace of draining
 r - a +3 quarterstaff of chaos
 t - a +1 falchion of holy wrath (weapon)
 B - a +2 hand axe of pain
Missiles
 j - 40 arrows
 u - 5 needles of paralysis
 A - 15 poisoned needles
Armour
 b - a +0 scale mail
 c - a +0 shield (worn)
 l - a +0 ring mail (worn)
Scrolls
 g - a scroll of identify
 h - a scroll of noise
 m - a scroll of fog {unknown}
 o - 2 scrolls of remove curse {unknown}
 w - 2 scrolls of magic mapping {unknown}
 y - 3 scrolls of fear
 z - a scroll of blinking {unknown}
Potions
 d - 3 potions of might
 k - 2 potions of resistance
 p - 3 potions of mutation {unknown}
 s - a potion of degeneration {unknown}
 v - a potion of ambrosia
 x - 2 potions of curing {unknown}
Comestibles
 f - 7 rations


   Skills:
 + Level 4.4 Fighting
 + Level 2.0 Long Blades
 + Level 4.8 Axes
 + Level 4.7 Armour
 + Level 0.8 Dodging
 + Level 0.1 Stealth
 + Level 4.9 Shields


You had 5 spell levels left.
You didn't know any spells.
Your spell library was empty.

Dungeon Overview and Level Annotations

Branches:
Dungeon (3/15)

Altars:
Fedhas
Vehumet
Wu Jian
The Shining One


Message History

You block the orc priest's attack. Something hits you but does no damage.
The orc priest hits you with a +0 dagger.
* * * LOW HITPOINT WARNING * * *
The orc priest threatens, "By the altar or by the axe, you will meet Beogh!"
You completely miss the orc priest.
The orc priest is severely wounded.
The orc hits you with a +2 falchion of protection.
* * * LOW HITPOINT WARNING * * *
Something hits you but does no damage.
The orc priest hits you but does no damage.
You block the orc's attack.
Your shield prevents you from hitting the orc priest.
The orc priest is severely wounded.
You hear some strange, mumbled words.
A magic dart appears from out of thin air!
The magic dart hits you.
* * * LOW HITPOINT WARNING * * *
The orc priest barely misses you.
The orc hits you with a +2 falchion of protection!
You die...

....#.≈≈≈≈≈≈≈≈≈≈≈.
..#...≈≈≈≈P..≈≈≈≈..#
.##..≈≈≈≈.P♣.♣≈≈≈≈.#
.##..≈≈≈≈≈≈≈≈.#
.....≈≈≈≈.PPPP≈≈≈≈.#
.###..≈≈≈≈PP.≈≈≈≈..#
##.≈≈≈≈≈≈≈≈≈≈≈..#
#..≈≈≈≈≈≈≈≈≈...#
#...≈≈≈≈≈≈≈o@..#
#.....≈≈≈.)o..##
#.........###.###
###.#...#o....... ##
#..>............ .#
#.....#.##...#..# ##
......##.# .#.#..#
.#
#.#.#)###.##......#
## ###.#.# #.##...#.


You could see an orc priest and an orc.

Vanquished Creatures
  A big kobold (Sewer)
  Crazy Yiuf (D:2)
  Terence (D:2)
  2 river rats (Sewer)
  7 adders
  2 oozes
  7 worms
  2 dart slugs (D:1)
  3 orcs (D:3)
  10 bats
  6 giant cockroaches
  10 goblins
  10 hobgoblins
  5 jackals
  14 kobolds
  5 quokkas (D:2)
  8 ball pythons
  3 frilled lizards
  6 rats
  2 fungi (D:2)
  6 plants (D:2)
111 creatures vanquished.

Notes
Turn   | Place    | Note
-------+----------+-------------------------------------------
     0 | D:1      | GGGomer the Hill Orc Fighter began the quest for the Orb.
     0 | D:1      | Reached XP level 1. HP: 19/19 MP: 1/1
    17 | D:1      | Reached XP level 2. HP: 25/27 MP: 2/2
   118 | D:1      | Reached XP level 3. HP: 31/33 MP: 3/3
   740 | D:2      | Found an ornate altar of the Wu Jian Council.
   861 | D:2      | Reached XP level 4. HP: 40/40 MP: 4/4
  1094 | D:2      | Found a radiant altar of Vehumet.
  1112 | D:2      | Became a worshipper of Vehumet
  1131 | D:2      | Reached XP level 5. HP: 9/46 MP: 5/5
  1157 | D:2      | HP: 2/46 [poisoned by an adder]
  1765 | D:2      | Found a runed translucent door.
  1772 | D:2      | Noticed Crazy Yiuf
  1778 | D:2      | Killed Crazy Yiuf
  1868 | D:2      | Found a glowing golden altar of the Shining One.
  1928 | D:2      | Noticed Terence
  1936 | D:2      | Killed Terence
  2295 | D:2      | Fell from the grace of Vehumet
  2295 | D:2      | Became a worshipper of the Shining One
  2784 | D:3      | Found a glowing drain.
  2814 | Sewer    | Entered a sewer
  3146 | Sewer    | Reached XP level 6. HP: 52/52 MP: 6/6
  3707 | Sewer    | Reached skill level 1 in Long Blades
  4158 | D:3      | Found a blossoming altar of Fedhas.
  4221 | D:3      | Was forgiven by Vehumet
  4227 | D:3      | HP: 2/79 [something (2)]
  4237 | D:3      | Slain by an orc

Skill      XL: |  1  2  3  4  5  6 |
---------------+-------------------+-----
Fighting       | 4 |  4.4
Axes           | 3 4 |  4.8
Shields        | 4 |  4.9
Armour         | 4 |  4.7
Long Blades    | 2 |  2.0
Dodging        | |  0.8
Stealth        | |  0.1

Action                   |  1- 3 |  4- 6 || total
-------------------------+-------+-------++-------
Melee: War axe           |   148 |   126 ||   274
       Falchion          |       |   200 ||   200
  Use: Potion            |     4 |     3 ||     7
       Scroll            |     2 |     1 ||     3
  Eat: Ration            |     1 |     2 ||     3
       Chunk             |       |     1 ||     1
Armor: Scale mail        |    67 |    27 ||    94
       Ring mail         |       |   108 ||   108
Dodge: Dodged            |    37 |   109 ||   146
Block: Shield            |    68 |   166 ||   234
       Rpst.: Falchion   |       |    14 ||    14
